 Dungeon Crawl Stone Soup version 0.20-a0-613-g92415a4 (webtiles) character file.

186 nubinia the Sneak (level 5, -10/26 HPs)
             Began as a Spriggan Assassin on Feb 8, 2017.
             Killed by divine providence
             ... invoked by an orc priest
              (17 damage)
             ... on level 3 of the Dungeon.
             The game lasted 00:10:47 (2572 turns).

nubinia the Sneak (Spriggan Assassin)               Turns: 2572, Time: 00:10:48

Health: -10/26     AC:  4    Str:  7    XL:     5   Next: 38%
Magic:  6/6        EV: 19    Int: 13    God:
Gold:   70         SH:  0    Dex: 18    Spells: 4/4 levels left

rFire    . . .     SeeInvis +   y - +2 dagger (elec)
rCold    . . .     Gourm    .   c - +0 robe
rNeg     . . .     Faith    .   (shield restricted)
rPois    +         Spirit   .   (helmet restricted)
rElec    .         Reflect  .   d - +1 cloak
rCorr    .         Harm     .   (gloves unavailable)
MR       .....                  (boots unavailable)
Stlth    ++++......             r - amulet of magic regeneration
Regen    0.1/turn               (no ring)
                                t - ring of poison resistance

@: very quick
A: unfitting armour, see invisible, herbivore 3, speed 3, slow metabolism 2
a: no special abilities


You were on level 3 of the Dungeon.
You were not hungry.

You visited 1 branch of the dungeon, and saw 4 of its levels.

You collected 70 gold pieces.

Inventory:

Hand Weapons
 a - a +2 dagger
 b - a +0 blowgun
 q - a +1 dagger of venom
 u - a +2 hunting sling of velocity
 y - a +2 dagger of electrocution (weapon)
Missiles
 e - 8 poisoned needles
 f - 2 curare-tipped needles
 x - 15 stones (quivered)
Armour
 c - a +0 robe (worn)
 d - a +1 cloak (worn)
Jewellery
 r - an amulet of magic regeneration (around neck)
 t - a ring of poison resistance (left hand)
Wands
 o - a wand of polymorph (15/24)
Scrolls
 p - a scroll of teleportation
Potions
 h - a potion of beneficial mutation {unknown}
 i - a potion of flight {unknown}
 k - a potion of resistance {unknown}
 l - 2 potions of curing {unknown}
 m - 2 potions of magic {unknown}
 n - 2 potions of heal wounds {unknown}
 s - 2 potions of degeneration {unknown}
 v - a potion of cancellation {unknown}
 w - a potion of lignification {unknown}
Comestibles
 g - 2 bread rations
 j - 2 royal jellies


   Skills:
 + Level 2.1 Fighting
 + Level 3.8 Short Blades
 + Level 2.2 Throwing
 + Level 3.3 Dodging
 + Level 7.8 Stealth
 + Level 0.1 Unarmed Combat


You had 4 spell levels left.
You didn't know any spells.

Dungeon Overview and Level Annotations

Branches:
Dungeon (4/15)
 Temple: D:4-7

Altars:
The Shining One


Innate Abilities, Weirdness & Mutations

You are very small and have problems with some larger weapons.
You are too small for most types of armour.
You have supernaturally acute eyesight. (SInv)
You are a herbivore.
You cover ground extremely quickly.
You need consume almost no food.


Message History

There is a sudden explosion of sparks!
You kill the giant cockroach!
The orc wizard shouts!
The orc wizard hits you with a dagger.
There is a stone staircase leading up, spattered with blood here.
The orc wizard hits you with a dagger.
* * * LOW HITPOINT WARNING * * *
You climb upwards.
There is a stone staircase leading down here.
Unknown command.
The orc wizard casts a spell.
The orc wizard blinks!
Things that are here:
a flail; an orc corpse The orc priest casts a cantrip, but nothing happens.
The teleport trap disappears.
The giant cockroach disappears!
The orc priest calls down the wrath of Beogh upon you.
Beogh smites you!
Ouch! That really hurt!
You die...

#.# #.# ###### #.# #....#
#.# #....# #####.# ###
#....# #.....#
#####.######....#
#.....###..........+....+
#.....†....o#.#####.....#
#.......@...#.###........
#..........).......#####.
#........#.##.###.†#.K
#........#>..%.##...#
#........§.........#..
#...###.###........####
#... #.# #..oo...[....
###. #+###..§.....#..
+..........##


You could see an orc priest, an orc wizard and an orc.

Vanquished Creatures
  A scorpion (D:4)
  Jessica (D:2)
  2 adders
  An ooze (D:1)
  2 worms
  2 dart slugs (D:1)
  A leopard gecko (D:1)
  2 orcs (D:3)
  8 giant cockroaches
  12 goblins
  6 hobgoblins
  7 jackals
  2 quokkas
  A ball python (D:1)
  9 bats
  7 frilled lizards
  4 kobolds
  9 rats
77 creatures vanquished.

Notes
Turn   | Place    | Note
-------+----------+-------------------------------------------
     0 | D:1      | nubinia the Spriggan Assassin began the quest for the Orb.
     0 | D:1      | Reached XP level 1. HP: 10/10 MP: 2/2
    39 | D:1      | Reached skill level 6 in Stealth
    83 | D:1      | Reached XP level 2. HP: 10/15 MP: 3/3
   507 | D:1      | Reached XP level 3. HP: 7/18 MP: 4/4
   828 | D:1      | Reached skill level 7 in Stealth
  1302 | D:2      | Noticed Jessica
  1450 | D:2      | Killed Jessica
  1450 | D:2      | Reached XP level 4. HP: 22/23 MP: 5/5
  2278 | D:3      | Found a glowing golden altar of the Shining One.
  2329 | D:4      | Reached XP level 5. HP: 26/26 MP: 6/6
  2572 | D:3      | Killed from afar by an orc priest

Vault maps used:
D:1:      lightli_arrival_windingriver, minmay_domino_2
D:2:      uniq_jessica
D:3:      minmay_roachtagon, old_standard_altar, marbit_many_paths,
          lemuel_doored_altar, minmay_gold_behind_fungi, minmay_distorted
D:4:      minmay_goblin_kobold_castle, kennysheep_slug_shrine, first_bread

Skill      XL: |  1  2  3  4 |
---------------+-------------+-----
Stealth        | 6 7 |  7.8
Dodging        | 2 3 |  3.3
Short Blades   | 3 |  3.8
Fighting       | 2 |  2.1
Throwing       | |  2.2
Unarmed Combat | |  0.1

Action                   |  1- 3 |  4- 6 || total
-------------------------+-------+-------++-------
Melee: Dagger            |   179 |    68 ||   247
       Unarmed           |    10 |       ||    10
       Punch             |       |     1 ||     1
  Use: Scroll            |     4 |       ||     4
 Stab: Sleeping          |     5 |    13 ||    18
       Distracted        |     1 |       ||     1
Armor: Robe              |    14 |     4 ||    18
Dodge: Dodged            |   144 |    36 ||   180
